 Dungeon Crawl Stone Soup version 0.23-a0-321-g6bcb69f (webtiles) character file.

53 RoseArtemis the Caller (level 3, -7/20 HPs)
             Began as a Deep Elf Summoner on Oct 15, 2018.
             Mangled by Sigmund
             ... wielding a +0 scythe
              (11 damage)
             ... on level 3 of the Dungeon.
             The game lasted 00:09:33 (2080 turns).

RoseArtemis the Caller (Deep Elf Summoner)          Turns: 2080, Time: 00:09:34

Health: -7/20      AC: 14    Str:  5    XL:     3   Next: 62%
Magic:  1/10       EV: 12    Int: 20    God:
Gold:   159        SH:  4    Dex: 15    Spells: 3/9 levels left

rFire    . . .     SeeInvis .   p - +0 dagger (protect)
rCold    . . .     Gourm    .   k - +0 buckler
rNeg     + . .     Faith    .   a - +0 robe
rPois    .         Spirit   .   (no helmet)
rElec    .         Reflect  .   g - +0 cloak
rCorr    .         Harm     .   i - +1 pair of gloves
MR       .....                  e - +1 pair of boots
Stlth    ++........             (no amulet)
HPRegen  0.06/turn              r - ring of positive energy
MPRegen  0.12/turn              (no ring)

@: protection aura
A: no striking features
a: no special abilities


You were on level 3 of the Dungeon.
You were not hungry.

You visited 1 branch of the dungeon, and saw 3 of its levels.

You collected 159 gold pieces.

Inventory:

Hand Weapons
 p - a +0 dagger of protection (weapon)
Armour
 a - a +0 robe (worn)
 e - a +1 pair of boots (worn)
 g - a +0 cloak (worn)
 i - a +1 pair of gloves (worn)
 k - a +0 buckler (worn)
Jewellery
 r - a ring of positive energy (left hand)
Scrolls
 b - a scroll of fog {unknown}
 f - 2 scrolls of identify {unknown}
 l - 2 scrolls of teleportation {unknown}
 o - a scroll of remove curse {unknown}
Potions
 d - 2 potions of flight {unknown}
 h - 2 potions of curing {unknown}
 j - a potion of heal wounds {unknown}
 m - a potion of might {unknown}
 q - a potion of invisibility {unknown}
Comestibles
 c - 6 rations


   Skills:
 + Level 1.0 Fighting
 - Level 2.5 Dodging
 - Level 2.4 Stealth
 * Level 1.3 Shields
 + Level 3.7 Spellcasting
 + Level 4.7 Summonings


You had 3 spell levels left.
You knew the following spells:

 Your Spells              Type           Power        Failure   Level  Hunger
a - Summon Small Mammal   Summ           ###.         2%          1    None
b - Call Imp              Summ           ###.....     4%          2    ##.....
c - Summon Guardian Gole  Hex/Summ       ##......     22%         3    ###....

Your spell library contained the following spells:

 Spells                   Type           Power        Failure   Level  Hunger
 Call Canine Familiar     Summ           ###.....     8%          3    ###....
 Summon Ice Beast         Ice/Summ       ##......     56%         4    ####...
 Summon Lightning Spire   Summ/Air       ##......     56%         4    ####...


Dungeon Overview and Level Annotations

Branches:
Dungeon (3/15)

Altars:
Wu Jian

Annotations:
D:3 Natasha, Sigmund


Message History

The kobold writhes in agony!
The kobold dies!
Natasha, Servant of Life and Death comes into view.
Something completely misses your crimson imp.
Found 9 gold pieces.
Things that are here:
a +0 short sword; a stone; a kobold corpse Your white imp hits Natasha.
Your white imp freezes Natasha.
Something hits you but does no damage. Natasha claws your white imp!
Your white imp barely misses Natasha.
Natasha closely misses your white imp. Something hits you.
* * * LOW HITPOINT WARNING * * *
Your crimson imp blinks!
Something closely misses your crimson imp.
You closely miss something. Something completely misses you.
You hit something.
Your weapon exudes an aura of protection.
Natasha claws your crimson imp. Something hits you!
Ouch! That really hurt!
You die...

# #####
#$#.#########...#
#...55@{(....<#.#
###.5#####.##...#
...h. #.###.##
#.###. #.# #.# #
#. #.# #.# .. ..#
#.# .. ### #.. .$
###


You could see Natasha, a friendly crimson imp, a friendly white imp and a
friendly shadow imp.

Vanquished Creatures
  An adder (D:2)
  A dart slug (D:1)
  A giant cockroach (D:2)
  A hobgoblin (D:2)
  A bat (D:1)
  A rat (D:2)
6 creatures vanquished.

Vanquished Creatures (collateral kills)
  3 adders (D:2)
  2 worms (D:2)
  3 dart slugs
  A leopard gecko (D:2)
  2 bats
  A goblin (D:2)
  3 hobgoblins
  A quokka (D:2)
  A frilled lizard (D:2)
  5 kobolds
  5 rats
27 creatures vanquished.

Grand Total: 33 creatures vanquished

Notes
Turn   | Place    | Note
-------+----------+-------------------------------------------
     0 | D:1      | RoseArtemis the Deep Elf Summoner began the quest for the
                  | Orb.
     0 | D:1      | Reached XP level 1. HP: 10/10 MP: 6/6
   491 | D:1      | Reached XP level 2. HP: 16/16 MP: 6/8
   531 | D:1      | Learned a level 2 spell: Call Imp
   884 | D:2      | Found a faded altar of an unknown god.
   897 | D:2      | Reached skill level 1 in Shields
  1013 | D:2      | Reached XP level 3. HP: 20/20 MP: 7/9
  1755 | D:2      | Found an ornate altar of the Wu Jian Council.
  1783 | D:2      | Reached skill level 1 in Fighting
  2047 | D:2      | Learned a level 3 spell: Summon Guardian Golem
  2062 | D:3      | Noticed Sigmund
  2073 | D:3      | Noticed Natasha
  2080 | D:3      | Mangled by Sigmund

Vault maps used:
D:1:      nicolae_arrival_somewhat_less_tricky_arrival, minmay_nonomino_d4
D:2:      overflow_temple_1_default, first_ration,
          chequers_ecumenical_altar_simple_redux
D:3:      tso_oasis_becter, cheibrodos_sewer_entry_drain,
          minmay_strange_pillars, uniq_natasha, uniq_robin, uniq_sigmund

Skill      XL: |  1  2  3 |
---------------+----------+-----
Shields        | 1 |  1.3
Fighting       | 1 |  1.0
Dodging        | |  2.5
Stealth        | |  2.4
Spellcasting   | |  3.7
Summonings     | |  4.7

Action                   || total
-------------------------++-------
Melee: Unarmed           ||    12
       Dagger            ||    62
 Cast: Summon Small Mamm ||     6
       Call Imp          ||    27
 Stab: Distracted        ||     1
  Eat: Chunk             ||     4
Armor: Robe              ||    36
Dodge: Dodged            ||    52
Block: Buckler           ||     6

Table legend:
 A = Non-vault XP
 B = Vault XP
 C = Vault XP percentage of total XP
 D = Non-vault monster count
 E = Vault monster count
 F = Vault count percentage of total count
                 A         B        C        D         E       F
            +---------+---------+-------+---------+---------+-------
      Total |      70 |       6 |   7.9 |      29 |       4 |  12.1
            +---------+---------+-------+---------+---------+-------
        D:1 |       8 |       6 |  42.9 |       6 |       4 |  40.0
        D:2 |      60 |       0 |   0.0 |      22 |       0 |   0.0
        D:3 |       2 |       0 |   0.0 |       1 |       0 |   0.0
            +---------+---------+-------+---------+---------+-------
